 Dungeon Sprint DCSS version 0.20-a0-1121-gbb42413 (webtiles) character file.

756 potatolord6000 the Protected (level 7, -8/99 (100) HPs)
             Began as a Barachi Fighter on May 10, 2017.
             Was an Initiate of Gozag.
             Mangled by an orc warrior
             ... wielding a +0 mace
             ... led by an orc knight
              (15 damage)
             ... in the Dungeon (Sprint VII: "The Pits").
             The game lasted 00:05:04 (517 turns).

potatolord6000 the Protected (Barachi Fighter)       Turns: 517, Time: 00:05:04

HP:   -8/99 (100)   AC: 14    Str: 24    XL:     7   Next: 79%
MP:   7/7           EV:  7    Int:  8    God:    Gozag
Gold: 1440          SH: 12    Dex: 12    Spells: 6/6 levels left

rFire    . . .     SeeInvis .   q - +2 hand axe (freeze)
rCold    . . .     Gourm    .   c - +0 shield
rNeg     . . .     Faith    .   r - +3 chain mail
rPois    .         Spirit   .   (no helmet)
rElec    .         Reflect  .   (no cloak)
rCorr    .         Harm     .   (no gloves)
MR       .....     NoTele   +   (no boots)
Stlth    ..........             (no amulet)
Regen    0.3/turn               (no ring)
MPRegen  0.1/turn               (no ring)

@: berserking, gold aura, quick
A: +LOS, swims, slowness 1, strong legs 1
a: Hop, Potion Petition, Call Merchant, Bribe Branch, Renounce Religion


You were in the Dungeon.
You worshipped Gozag.
Gozag was most pleased with you.
You were completely stuffed.

You visited 1 branch You collected 1440 gold pieces.

Inventory:

Hand Weapons
 a - a +0 war axe
 q - a +2 hand axe of freezing (weapon)
Armour
 c - a +0 shield (worn)
 r - a +3 chain mail (worn)
Scrolls
 h - 3 scrolls of remove curse
 k - a scroll of blinking
 l - 5 scrolls of amnesia
 m - a scroll of summoning
Potions
 e - 6 potions of curing
 g - 2 potions of invisibility
 i - 4 potions of magic
 p - 5 potions of heal wounds
Comestibles
 f - 8 bread rations
 n - 40 fruits
 o - 3 meat rations


   Skills:
 + Level 10.4 Fighting
 + Level 9.4 Axes
 + Level 10.5 Armour
 + Level 9.6 Shields


You had 6 spell levels left.
You didn't know any spells.

Dungeon Overview and Level Annotations

Branches:
Dungeon (1/1)

Altars:
Ashenzari
Cheibriados
Dithmenos
Elyvilon
Fedhas
Gozag
Hepliaklqana
Kikubaaqudgha
Makhleb
Nemelex Xobeh
Okawaru
Qazlal
Ru
Sif Muna
Trog
Uskayaw
Vehumet
Wu Jian
Xom
Yredelemnul
Zin
The Shining One
Beogh
Jiyva
Lugonu


Innate Abilities, Weirdness & Mutations

Shadows flee at your approach. (+LOS)
You can swim through water.
You cover ground slowly.
You can hop short distances.


Message History

You freeze the orc warrior. The orc warrior hits you with a mace!!
* * * LOW HITPOINT WARNING * * *
Unknown command.
You slash the smoke demon! You freeze the smoke demon.
The smoke demon is almost dead.
You hit the orc warrior but do no damage.
You hit the orc knight. You freeze the orc knight.
The smoke demon hits you but does no damage.
You block the smoke demon's attack.
The smoke demon hits you but does no damage.
The orc knight hits you with a battleaxe of flaming.
* * * LOW HITPOINT WARNING * * *
The orc knight burns you.
* * * LOW HITPOINT WARNING * * *
You hit the orc knight but do no damage.
The orc knight is moderately wounded.
You hit the orc warrior. You freeze the orc warrior.
You barely miss the smoke demon. The orc warrior hits you with a mace!
You die...
Your body crumbles into a pile of gold.

#.##'#.....##...<...#
#.#........##.......#
#.#........##.......#
#'###########.......#
#)))....#..##########
#.).#...#.######
#)).#...#.#n...#
#)##.##.#)#o...#
#...#...#.@3o..+
#...#...#'#oo..#
#.......+.#....#
################


You could see an orc knight, a smoke demon, an orc warrior, a necrophage and 2
orcs.

Vanquished Creatures
  A hungry ghost (D)
  A floating eye (D)
  An orc warrior (D)
  A necrophage (D)
  A bullfrog (D)
  3 wights (D)
  A quasit (D)
  A gnoll shaman (D)
  6 gnolls (D)
  An adder (D)
  A river rat (D)
  An ufetubus (D)
  A leopard gecko (D)
  A giant cockroach (D)
  A goblin (D)
  A hobgoblin (D)
  2 ball pythons (D)
  A frilled lizard (D)
  A jackal skeleton (D)
27 creatures vanquished.

Notes
Turn   | Place    | Note
-------+----------+-------------------------------------------
     0 | D        | potatolord6000 the Barachi Fighter began the quest for the Orb.
     0 | D        | Reached XP level 1. HP: 18/18 MP: 1/1
    62 | D        | Found a bloodstained altar of Trog.
    62 | D        | Found a deep blue altar of Sif Muna.
    62 | D        | Found a viscous altar of Jiyva.
    62 | D        | Found a hazy altar of Hepliaklqana.
    62 | D        | Found an opulent altar of Gozag.
    63 | D        | Found a glowing golden altar of the Shining One.
    63 | D        | Found a glowing silver altar of Zin.
    63 | D        | Found a basalt altar of Yredelemnul.
    63 | D        | Found a shimmering altar of Xom.
    63 | D        | Found an ornate altar of the Wu Jian Council.
    63 | D        | Found a radiant altar of Vehumet.
    63 | D        | Found a sacrificial altar of Ru.
    63 | D        | Found a stormy altar of Qazlal.
    63 | D        | Found an iron altar of Okawaru.
    63 | D        | Found a sparkling altar of Nemelex Xobeh.
    63 | D        | Found a burning altar of Makhleb.
    63 | D        | Found a corrupted altar of Lugonu.
    63 | D        | Found a blossoming altar of Fedhas.
    63 | D        | Found a white marble altar of Elyvilon.
    63 | D        | Found a shadowy altar of Dithmenos.
    63 | D        | Found a snail-covered altar of Cheibriados.
    63 | D        | Found a roughly hewn altar of Beogh.
    65 | D        | Found a hide-covered altar of Uskayaw.
    65 | D        | Found an ancient bone altar of Kikubaaqudgha.
    65 | D        | Found a shattered altar of Ashenzari.
    70 | D        | Became a worshipper of Gozag Ym Sagoz the Greedy
   117 | D        | Reached XP level 2. HP: 21/26 MP: 2/2
   196 | D        | Reached skill level 5 in Fighting
   196 | D        | Reached skill level 5 in Armour
   196 | D        | Reached XP level 3. HP: 28/33 MP: 3/3
   281 | D        | Noticed a necrophage
   282 | D        | Noticed a bullfrog
   282 | D        | Noticed a floating eye
   284 | D        | Paralysed by a floating eye for 3 turns
   291 | D        | Killed a necrophage
   291 | D        | Reached skill level 5 in Axes
   291 | D        | Reached XP level 4. HP: 40/40 MP: 4/4
   291 | D        | Reached XP level 5. HP: 46/46 MP: 5/5
   294 | D        | Paralysed by a floating eye for 2 turns
   298 | D        | Killed a floating eye
   298 | D        | Reached XP level 6. HP: 52/56 MP: 6/6
   404 | D        | Noticed a hungry ghost
   419 | D        | Killed a hungry ghost
   419 | D        | Reached XP level 7. HP: 63/63 MP: 7/7
   489 | D        | Reached skill level 10 in Fighting
   489 | D        | Reached skill level 10 in Armour
   507 | D        | Noticed a smoke demon
   507 | D        | Noticed an orc knight
   517 | D        | Mangled by an orc warrior

Vault maps used:
D:        pitsprint

Skill      XL: |  1  2  3  4  5  6  7 |
---------------+----------------------+-----
Fighting       | 4 5 6 8 9 10 | 10.4
Armour         | 4 5 6 8 9 10 | 10.5
Axes           | 3 5 7 8 9 |  9.4
Shields        | 4 6 7 8 9 |  9.6

Action                   |  1- 3 |  4- 6 |  7- 9 || total
-------------------------+-------+-------+-------++-------
Melee: War axe           |    37 |       |       ||    37
       Hand axe          |     4 |    26 |    36 ||    66
  Use: Potion            |     4 |     1 |     1 ||     6
  Eat: Meat ration       |       |     2 |     2 ||     4
Armor: Scale mail        |    29 |       |       ||    29
       Chain mail        |     9 |    14 |     7 ||    30
Dodge: Dodged            |    27 |     4 |     2 ||    33
Block: Shield            |    41 |    11 |    11 ||    63
